FIQ, neutral female human Valkyrie ----- ---------- -------- |...+ +........+ ------------ ----.......######..{.| |........|# +..........+ |.........| ---.-# |......>..# |..........| |.........| *## -|--------# #-....<.....| |.........| ### ## # #------------ |.........| # # # #### ----......| ##### #### # # # --------- -------- #--------.------- ###########################|.......| #|..............| # # # # |..+....| #-..............|### # (##### ####|.......| |..............-# ###----.- # #...@....| |..............| #-..... |.......| ---------------- |...>| --------- |.{..| ------ FIQ the Stripling Experience level: 1 Strength: 16 Dexterity: 17 Constitution: 18 Intelligence: 12 Wisdom: 7 Charisma: 9 Health: 0(16) Energy: 4(4) Def: 5 Gold: 252 Moves: 674 Dungeon seed: D605SCUyUwtZ99fy Game ID: FIQ_1465143718 Your Inventory: Coins $ - 252 gold pieces Weapons a - an uncursed +2 war hammer b - an uncursed +0 dagger (weapon in hand) Armor e - an uncursed +3 small shield (being worn) n - an uncursed +0 pair of speed boots (being worn) Comestibles d - 3 uncursed food rations Scrolls h - an uncursed scroll of teleportation i - 2 uncursed scrolls of scare monster k - an uncursed scroll of gold detection l - an uncursed scroll of light o - an uncursed scroll of scare monster Wands c - an uncursed wand of cold (0:4) Tools f - an uncursed oil lamp (0:1118) Spells and supernatural/magical abilities: Name Level Category Fail Memory W - pray for help -- divine ? -- Your skills at the end: Miscellaneous Skills shield [Basic] wands [Basic] Weapon Skills dagger [Basic] hammer [Basic] Spellcasting Skills Final Attributes: You were devoutly aligned. You were cold resistant. You were hallucinating. You were stealthy. You could fly. You were very fast. You are dead. Vanquished creatures: a gas spore a jackal a fox 4 newts a goblin 2 sewer rats 5 grid bugs a lichen and a partridge in a pear tree 16 creatures vanquished. Voluntary challenges: You did not adorn yourself with jewelry or accessories. You were an atheist. You used a wielded weapon 11 times, starting on turn 12. You did not use tools. You were illiterate. You never genocided any monsters. You never polymorphed an object. You never changed form. You used no wishes. You never split a pudding. You never wrote Elbereth's name. You never violated your personal moral code. Dungeon overview: The Dungeons of Doom: levels 1 to 4 Level 1 a fountain, a sink a long staircase Level 2 a fountain Level 3 <- You were here some fountains a long staircase Level 4 History has recorded: On T:1 you entered the Dungeons of Doom to retrieve the Amulet of Yendor! On T:223 you reached level 2 of The Dungeons of Doom. On T:485 you reached level 3 of The Dungeons of Doom. On T:631 you reached level 4 of The Dungeons of Doom. Score breakdown: Gold: 252 ( 25 points) Experience: 1 level ( 0 points) Exploration: 4 levels ( 90 points) Discoveries: 1 item ( 50 points) Variety of kills: 8 monsters ( 400 points) Major goal: (nothing yet) ( 0 points) Survival: died (score multiplied by 3) Total score: 1695 Latest messages: k - a scroll labeled KIRJE. l - a scroll labeled VELOX NEB. m - a puce potion. What a trippy feeling! (You can name a puce potion from the item naming menu.) You finish searching. You feel less trippy now. There isn't space to move around the boulder. (8x) You stop running. You kill the incubus! You see here a newt corpse. This newt corpse tastes terrible! You finish eating the newt corpse. You feel a mild buzz. The door opens. You fly down along the stairs. o - a scroll labeled KERNOD WEL. You see here 11 rocks. There isn't space to move around the boulder. (6x) You hear the splashing of a naiad. You kill the dwarf king! You are caught in the brown mold's explosion! Final status: Farvel FIQ the Valkyrie, killed by a gas spore's explosion... You died in The Dungeons of Doom on dungeon level 3 with 1695 points, and 252 pieces of gold, after 674 moves. You were level 1 with a maximum of 16 hit points when you died.